 Dungeon Crawl Stone Soup version 0.20-a0-1089-g3fde505 (webtiles) character file.

4517 shinino the Grappler (level 10, 0/100 HPs)
             Began as a Troll Chaos Knight on May 3, 2017.
             Slain by a killer bee (7 damage)
             ... on level 7 of the Dungeon.
             The game lasted 00:24:44 (21133 turns).

shinino the Grappler (Troll Chaos Knight)          Turns: 21133, Time: 00:24:45

Health: 0/100      AC:  9    Str: 21 (22) XL:     10   Next: 17%
Magic:  8/9        EV: 12    Int:  9      God:    Xom [...*..]
Gold:   359        SH:  0    Dex: 10 (11) Spells: 9/9 levels left

rFire    . . .     SeeInvis .     - Unarmed
rCold    + . .     Gourm    +   (no shield)
rNeg     . . .     Faith    .   r - +2 robe
rPois    +         Spirit   .   F - -5 hat of the Robin {rElec Regen+}
rElec    +         Reflect  .   x - scarf {rC+}
rCorr    .         Harm     .   (gloves unavailable)
MR       .....                  (boots unavailable)
Stlth    ++........             (no amulet)
Regen    1.1/turn               o - +5 ring of protection
MPRegen  0.2/turn               D - ring of poison resistance

@: confused, very slightly contaminated, invisible
A: unfitting armour, antennae 1, claws 3, hooves 1, icy blue scales 1,
camouflage 1, deterioration 1, fast metabolism 3, gourmand, regeneration 1,
shaggy fur 1, tough skin 2, subdued magic 1, MP-powered wands
a: Renounce Religion


You were on level 7 of the Dungeon.
You worshipped Xom.
You were a favourite toy of Xom.
You were completely stuffed.

You visited 1 branch of the dungeon, and saw 8 of its levels.

You collected 359 gold pieces.

Inventory:

Hand Weapons
 a - a +2 giant spiked club
Armour
 r - a +2 robe (worn)
 x - a scarf of cold resistance (worn)
 F - the -5 hat of the Robin (worn) {rElec Regen+}
   (Xom gifted it to you on level 6 of the Dungeon)

   It insulates you from electricity.
   It increases your rate of regeneration.
Jewellery
 o - a +5 ring of protection (left claw)
 D - a ring of poison resistance (right claw)
Wands
 p - a wand of clouds (2/9)
 w - a wand of lightning (7/15)
 A - a wand of clouds (4/9)
 E - a wand of scattershot (0/9)
 I - a wand of paralysis (18/24)
 J - a wand of iceblast (9/15)
Scrolls
 c - a scroll of blinking {unknown}
 d - 2 scrolls of fog {unknown}
 e - 2 scrolls of magic mapping
 i - 2 scrolls of teleportation {unknown}
 j - 2 scrolls of enchant armour
 l - a scroll of remove curse {unknown}
 q - 2 scrolls of recharging
 y - a scroll of random uselessness {unknown}
 B - a scroll of identify
Potions
 b - a potion of agility
 g - 3 potions of resistance
 m - a potion of haste
 s - a potion of magic
 u - 2 potions of flight
 z - a potion of lignification
Comestibles
 h - 3 chunks of flesh
 n - a meat ration
 H - a bread ration


   Skills:
 + Level 6.7 Fighting
 + Level 6.4 Dodging
 + Level 11.0 Unarmed Combat


You had 9 spell levels left.
You didn't know any spells.

Dungeon Overview and Level Annotations

Branches:
Dungeon (8/15)             Temple (0/1) D:6
   Lair: D:8-11

Altars:
Ashenzari
Cheibriados
Dithmenos
Hepliaklqana
Kikubaaqudgha
Makhleb
Nemelex Xobeh
Okawaru
Qazlal
Ru
Xom
Zin


Innate Abilities, Weirdness & Mutations

You are too large for most types of armour.
You have claws for hands.
Your metabolism is lightning-fast.
You like to eat raw meat.
Your natural rate of healing is unusually fast.
You are covered in fur. (AC +1)
You have very tough skin. (AC +2)
You have a pair of small antennae on your head.
You have large cloven feet.
You are partially covered in icy blue scales. (AC +2)
Your skin changes colour to match your surroundings (Stealth+).
Your body sometimes deteriorates upon taking damage.
Your spells are a little easier to cast, but a little less powerful.
You expend magic power (3 MP) to strengthen your wands.


Message History

It was a potion of mutation.
You feel extremely strange.
You feel more encumbered by your armour.
You feel less resistant to hostile enchantments.
You feel more energetic.
Your vision sharpens.
You no longer feel jittery.
You feel your magical essence link to your wands.
Icy blue scales grow over part of your body.
The killer bee stings you.
* * * LOW HITPOINT WARNING * * *
The flayed ghost hits you!!
* * * LOW HITPOINT WARNING * * *
The killer bee closely misses you.
Okay, then.
Okay, then.
Xom titters.
You are confused.
The flayed ghost looks rather confused.
You are now a favourite toy of Xom.
The killer bee stings you!
You die... "What!?
That's it?"

.# #.##.######.##.#.# #######.#
.# #.##.# #.##.#.# #...
.#####....# ##......# #...
.......#### #.......# #...
##..#.## #.###.#.#### #...
##.##.# #######.##.......# #...
##.##.# #.....#.##.......#####...
...)..#
#.....#.##.##.#.).รท......
.#.#.####.......@y.....))........
.#.#.#.##.....#...W...#>.........
.#......#.....####..###..#####...
.###.#.###########.......# #...
.###.#.# #.....###.###### #.).
.....#.## #.###.# #.# #...
#####...###.###.###.# #...
#.#..##.#.......# ###...
#....##.#.#.##### #.....


You could see a flayed ghost (confused) and a killer bee.

Vanquished Creatures
  A two-headed ogre (D:7)
  The ghost of SlowGraham the Basher, a novice OgFi (D:6)
  Grinder (D:4)
  A hippogriff (D:7)
  A spriggan (D:7)
  The ghost of Theed the Slasher, an amateur DsGl (D:4)
  Edmund (D:4)
  Menkaure (D:5)
  An orc warrior (D:6)
  A black bear (D:6)
  2 phantoms
  2 ogres
  5 centaurs
  2 bullfrogs
  2 scorpions
  A killer bee (D:7)
  4 howler monkeys
  3 crimson imps
  A quasit (D:7)
  2 bullfrog zombies (D:7)
  A jelly (D:7)
  5 orc priests
  2 hounds
  A gnoll shaman (D:7)
  2 iguanas (D:5)
  10 orc wizards
  2 worker ants
  A hound skeleton (D:4)
  9 gnolls
  10 adders
  A shadow imp (D:7)
  4 oozes
  An adder zombie (D:5)
  6 worms
  A dart slug (D:2)
  5 leopard geckos
  33 orcs
  3 ball pythons
  12 giant cockroaches
  8 goblins
  8 hobgoblins
  3 jackals
  3 quokkas
  A ball python zombie (D:5)
  5 bats
  5 frilled lizards
  A giant cockroach zombie (D:5)
  A jackal zombie (D:5)
  8 kobolds
  A leopard gecko skeleton (D:4)
  7 rats
194 creatures vanquished.

Notes
Turn   | Place    | Note
-------+----------+-------------------------------------------
     0 | D:1      | shinino the Troll Chaos Knight began the quest for the Orb.
     0 | D:1      | Reached XP level 1. HP: 22/22 MP: 0/0
   150 | D:1      | XOM: divination: magic mapping
   210 | D:1      | Reached XP level 2. HP: 29/29 MP: 1/1
   290 | D:1      | XOM: cloud trail
   401 | D:1      | XOM: divination: magic mapping
   523 | D:1      | XOM: harmless Tloc miscast
   601 | D:1      | XOM: silly message
   873 | D:1      | XOM: divination: detect items
   911 | D:1      | XOM is BORED!
   911 | D:1      | XOM: harmless Erth miscast
  1307 | D:1      | XOM is BORED!
  1307 | D:1      | XOM: give mutations
  1307 | D:1      | Gained mutation: You are weak. (Str -2) [Xom's mischief]
  1307 | D:1      | Gained mutation: Your body sometimes deteriorates upon taking damage. [Xom's mischief]
  1358 | D:1      | XOM: mild Summ miscast
  1469 | D:1      | XOM: cloud trail
  1931 | D:1      | XOM: scenery: 1 doors close
  2561 | D:1      | XOM is BORED!
  2561 | D:1      | XOM: torment (16/29 hp)
  2649 | D:1      | XOM: god gift: 5 needles of paralysis
  3144 | D:2      | Reached XP level 3. HP: 36/36 MP: 2/2
  3226 | D:2      | Found a shattered altar of Ashenzari.
  4093 | D:2      | XOM: scenery: create altars
  4258 | D:2      | XOM: scenery: create altars
  4441 | D:2      | XOM: god gift: meat ration
  5087 | D:2      | XOM: god gift: runed chain mail {god gift}
  5294 | D:2      | Reached XP level 4. HP: 45/45 MP: 3/3
  5325 | D:2      | XOM: scenery: create altars
  5450 | D:2      | Reached skill level 4 in Unarmed Combat
  5492 | D:2      | XOM: give mutations
  5492 | D:2      | Gained mutation: You evolve. [Xom's grace]
  5492 | D:2      | Gained mutation: You are resistant to hostile enchantments. (MR+) [Xom's grace]
  5570 | D:2      | XOM: mild Tloc miscast
  5747 | D:3      | Gained mutation: You have a pair of small antennae on your head. [evolution]
  5839 | D:3      | Reached XP level 5. HP: 53/53 MP: 4/4
  5955 | D:3      | XOM: give mutations
  5955 | D:3      | Gained mutation: You are robust. (+10% HP) [Xom's grace]
  5955 | D:3      | Gained mutation: You can translocate small distances at will. [Xom's grace]
  5955 | D:3      | Gained mutation: Your movements are slightly less encumbered by armour. (ER -2) [Xom's grace]
  6004 | D:3      | XOM: god gift: 13 gold pieces
  6119 | D:3      | Reached skill level 5 in Unarmed Combat
  6172 | D:3      | Found a shimmering altar of Xom.
  6250 | D:3      | XOM is BORED!
  6250 | D:3      | XOM: medium Necr miscast
  6702 | D:3      | XOM: god gift: 10 sling bullets
  6731 | D:3      | XOM: 2-stop teleportation journey
  7238 | D:3      | XOM: god gift: trident {god gift}
  7712 | D:3      | XOM: mild Conj miscast
  7887 | D:3      | XOM: scenery: create altars
  8045 | D:3      | XOM: god gift: lajatang {god gift}
  8141 | D:3      | XOM: scenery: create altars
  8173 | D:3      | Gained mutation: Your skin changes colour to match your surroundings (Stealth+). [evolution]
  8772 | D:3      | XOM: scenery: create altars
  9200 | D:4      | Reached XP level 6. HP: 65/67 MP: 5/5
  9203 | D:4      | XOM: god gift: yellow potion {god gift}
  9258 | D:4      | Reached skill level 6 in Unarmed Combat
  9451 | D:4      | XOM: smoke on damage
  9455 | D:4      | XOM: scenery: 1 doors open
  9516 | D:4      | Noticed Theed's ghost (amateur DsGl)
  9519 | D:4      | Found a stormy altar of Qazlal.
  9529 | D:4      | Killed Theed's ghost
  9529 | D:4      | Reached skill level 7 in Unarmed Combat
  9529 | D:4      | Reached XP level 7. HP: 55/73 MP: 6/6
  9592 | D:4      | Noticed Grinder
  9601 | D:4      | Killed Grinder
  9601 | D:4      | Reached skill level 8 in Unarmed Combat
  9624 | D:4      | Noticed Edmund
  9633 | D:4      | Killed Edmund
  9644 | D:4      | XOM: destruction
  9747 | D:4      | XOM: 2-stop teleportation journey
  9852 | D:4      | XOM: god gift: 23 arrows
  9897 | D:4      | XOM: smoke on damage
  9941 | D:4      | Reached skill level 9 in Unarmed Combat
  9941 | D:4      | Reached XP level 8. HP: 82/82 MP: 7/7
 10053 | D:4      | Found an ancient bone altar of Kikubaaqudgha.
 10168 | D:4      | XOM: cleaving
 10566 | D:4      | XOM: god gift: amethyst potion {god gift}
 10861 | D:4      | XOM: give mutations
 10861 | D:4      | Gained mutation: Your spells are a little easier to cast, but a little less powerful. [Xom's mischief]
 10861 | D:4      | Gained mutation: You are dopey. (Int -2) [Xom's mischief]
 10861 | D:4      | Lost mutation: You are robust. (+10% HP) [Xom's mischief]
 10861 | D:4      | Lost mutation: You evolve. [Xom's mischief]
 11337 | D:5      | Entered Level 5 of the Dungeon
 11419 | D:5      | Noticed Menkaure
 11425 | D:5      | Killed Menkaure
 11426 | D:5      | XOM: give mutation
 11426 | D:5      | Lost mutation: You are dopey. (Int -2) [Xom's mischief]
 11627 | D:5      | XOM: 1-stop teleportation journey
 11647 | D:5      | XOM: give mutations
 11647 | D:5      | Lost mutation: You are weak. (Str -2) [Xom's mischief]
 11647 | D:5      | Gained mutation: Scrolls take you a little longer to read. [Xom's mischief]
 11647 | D:5      | Gained mutation: You are frail. (-10% HP) [Xom's mischief]
 11647 | D:5      | Lost mutation: You are frail. (-10% HP) [Xom's mischief]
 12080 | D:5      | XOM: divination: detect items
 12294 | D:5      | Found a sparkling altar of Nemelex Xobeh.
 12336 | D:5      | XOM: scenery: create altars
 13280 | D:5      | XOM: scenery: create altars
 13429 | D:5      | XOM: god gift: long jewelled staff {god gift}
 13822 | D:5      | XOM: harmless Conj miscast
 14131 | D:5      | XOM: cloud trail
 14270 | D:5      | XOM is BORED!
 14270 | D:5      | XOM: mild Air miscast
 14670 | D:6      | XOM: noise
 14691 | D:6      | Found a shadowy altar of Dithmenos.
 14708 | D:6      | XOM: enchant monster (good)
 14849 | D:6      | XOM: potion effect (agility)
 14955 | D:6      | Noticed SlowGraham's ghost (novice OgFi)
 14977 | D:6      | XOM: fog
 14994 | D:6      | XOM: harmless Air miscast
 15003 | D:6      | Killed SlowGraham's ghost
 15003 | D:6      | Reached skill level 5 in Fighting
 15003 | D:6      | Reached skill level 10 in Unarmed Combat
 15003 | D:6      | Reached XP level 9. HP: 14/88 MP: 8/8
 15160 | D:6      | Found a staircase to the Ecumenical Temple.
 15205 | D:6      | XOM: destruction
 15211 | D:6      | XOM: god gift: jewelled hat {god gift}
 15212 | D:6      | Reached skill level 5 in Dodging
 15214 | D:6      | Got a jewelled hat {god gift}
 15220 | D:6      | Identified the -5 hat of the Robin {rElec Regen+} (Xom gifted it to you on level 6 of the Dungeon)
 15415 | D:6      | XOM: scenery: create altars
 15434 | D:6      | XOM: harmless Conj miscast
 16169 | D:6      | XOM: draining
 16441 | D:7      | XOM: potion effect (curing)
 16442 | D:7      | XOM: smoke on damage
 16444 | D:7      | XOM: medium Hex miscast
 16452 | D:7      | XOM: torment (10/89 hp)
 16453 | D:7      | XOM: enchant monster (bad)
 16464 | D:7      | XOM: mild Chrm miscast
 16564 | D:7      | XOM: noise
 16639 | D:7      | XOM: harmless Fire miscast
 16750 | D:7      | XOM: torment (46/89 hp)
 16879 | D:7      | XOM: 9-stop teleportation journey
 16884 | D:7      | XOM: 1-stop teleportation journey
 16994 | D:7      | Found a snail-covered altar of Cheibriados.
 16997 | D:7      | Found an iron altar of Okawaru.
 16997 | D:7      | Found a hazy altar of Hepliaklqana.
 16997 | D:7      | Found a burning altar of Makhleb.
 16999 | D:7      | XOM: divination: detect items
 17004 | D:7      | XOM: summons 3 friendly demons
 17033 | D:7      | XOM: harmless Tloc miscast
 17037 | D:7      | Found a sacrificial altar of Ru.
 17037 | D:7      | Found a glowing silver altar of Zin.
 17106 | D:7      | Noticed a two-headed ogre
 17114 | D:7      | Killed a two-headed ogre
 17114 | D:7      | Reached XP level 10. HP: 60/100 MP: 9/9
 17558 | D:7      | Reached skill level 11 in Unarmed Combat
 18064 | D:7      | XOM: harmless Tmut miscast
 18279 | D:7      | XOM is BORED!
 18279 | D:7      | XOM: medium Tmut miscast
 18409 | D:7      | Gained mutation: Your magical capacity is low. (-10% MP) [mutagenic glow]
 18584 | D:7      | XOM: polymorph orc -> jackal
 19107 | D:7      | XOM: divination: detect creatures
 19129 | D:7      | XOM: divination: detect items
 19168 | D:7      | XOM: harmless Erth miscast
 19530 | D:7      | XOM: harmless Tloc miscast
 19720 | D:7      | XOM: cloud trail
 19834 | D:7      | XOM: give mutation
 19834 | D:7      | Gained mutation: You have large cloven feet. [Xom's grace]
 20058 | D:7      | XOM: harmless Fire miscast
 20093 | D:7      | XOM: 5-stop teleportation journey
 20414 | D:7      | XOM: harmless Fire miscast
 20431 | D:7      | XOM: medium Conj miscast
 21097 | D:7      | XOM: summons 2 hostile shadow creatures
 21098 | D:7      | Noticed a flayed ghost
 21121 | D:7      | HP: 4/100 [killer bee (6)]
 21125 | D:7      | HP: 1/100 [killer bee (7)]
 21130 | D:7      | XOM: noise
 21132 | D:7      | Lost mutation: Your movements are slightly less encumbered by armour. (ER -2) [potion of mutation]
 21132 | D:7      | Lost mutation: You are resistant to hostile enchantments. (MR+) [potion of mutation]
 21132 | D:7      | Lost mutation: Your magical capacity is low. (-10% MP) [potion of mutation]
 21132 | D:7      | Lost mutation: Scrolls take you a little longer to read. [potion of mutation]
 21132 | D:7      | Lost mutation: You can translocate small distances at will. [potion of mutation]
 21132 | D:7      | Gained mutation: You expend magic power (3 MP) to strengthen your wands. [potion of mutation]
 21132 | D:7      | Gained mutation: You are partially covered in icy blue scales. (AC +2) [potion of mutation]
 21133 | D:7      | XOM: confusion (+ monsters)
 21133 | D:7      | Slain by a killer bee

Vault maps used:
D:1:      dpeg_arrival_chambers_temple_mockup
D:2:      old_standard_altar
D:3:      lemuel_crystal_altar
D:4:      lemuel_coloured_pillars_altar, lemuel_round_altar, uniq_edmund,
          uniq_grinder
D:5:      kennysheep_mini_moat, first_bread, uniq_menkaure
D:6:      grunt_dithmenos_smoke, temple_green
D:7:      minmay_overflow_temple_hex, the_bakery
D:8:      erik_lair_orcish_takeover, serial_undead, serial_undead_b,
          serial_undead_c, serial_undead_b, serial_undead_e, basic_altar

Skill      XL: |  1  2  3  4  5  6  7  8  9 10 |
---------------+-------------------------------+-----
Dodging        | 2 4 6 |  6.4
Fighting       | 3 5 6 |  6.7
Unarmed Combat | 4 5 7 9 10 11 | 11.0

Action                   |  1- 3 |  4- 6 |  7- 9 | 10-12 || total
-------------------------+-------+-------+-------+-------++-------
Melee: Unarmed           |   110 |   158 |   265 |    38 ||   571
       Punch             |     3 |     2 |    12 |       ||    17
       Kick              |       |       |       |     6 ||     6
Evoke: Wand              |       |       |       |     1 ||     1
  Use: Scroll            |       |       |     7 |     2 ||     9
       Potion            |       |       |     3 |    12 ||    15
 Stab: Sleeping          |     2 |       |     7 |       ||     9
       Distracted        |       |       |       |     2 ||     2
  Eat: Chunk             |    26 |    38 |    59 |    23 ||   146
       Bread ration      |     4 |     1 |     1 |     3 ||     9
       Fruit             |     2 |       |       |       ||     2
       Royal jelly       |     1 |     1 |       |       ||     2
       Meat ration       |       |       |     1 |       ||     1
Armor: Robe              |    47 |    57 |    97 |    16 ||   217
       Skin              |       |       |       |     3 ||     3
Dodge: Dodged            |    60 |    60 |   120 |    23 ||   263
